 Dungeon Crawl Stone Soup version 0.22-a0-353-g2d6336e (webtiles) character file.

676 Amnesiac the Digger (level 7, -28/32 HPs)
             Began as a Spriggan Earth Elementalist on Apr 15, 2018.
             Killed from afar by a gnoll zombie (31 damage)
             ... with an exploding inner flame
             ... hexed by the player character
             ... in an ossuary.
             The game lasted 00:05:39 (1597 turns).

Amnesiac the Digger (Spriggan Earth Elementalist)   Turns: 1597, Time: 00:05:40

Health: -28/32     AC:  3    Str:  4    XL:     7   Next: 33%
Magic:  1/16       EV: 18    Int: 18    God:
Gold:   174        SH:  0    Dex: 17    Spells: 4/16 levels left

rFire    . . .     SeeInvis +   j - +1 dagger (drain)
rCold    . . .     Gourm    .   (shield restricted)
rNeg     . . .     Faith    .   c - +1 robe
rPois    .         Spirit   .   (helmet restricted)
rElec    .         Reflect  .   (no cloak)
rCorr    .         Harm     .   (gloves unavailable)
MR       +....                  (boots unavailable)
Stlth    +++.......             (no amulet)
HPRegen  0.10/turn              (no ring)
MPRegen  0.15/turn              (no ring)

@: hasted, very quick
A: very small, unfitting armour, see invisible, herbivore, speed 3, slow
metabolism 2
a: no special abilities


You were in an ossuary.
You were not hungry.

You visited 1 branch of the dungeon, and saw 5 of its levels.
You also visited: Ossuary.

You collected 174 gold pieces.

Inventory:

Hand Weapons
 a - a +0 dagger
 j - a +1 dagger of draining (weapon)
Missiles
 b - 64 stones (quivered)
Armour
 c - a +1 robe (worn)
Scrolls
 f - a scroll of enchant weapon {!r}
 m - 2 scrolls of amnesia {!r}
Potions
 h - a potion of haste {!q}
Comestibles
 d - 3 rations


   Skills:
 - Level 4.1 Short Blades
 - Level 3.0 Dodging
 - Level 4.1 Stealth
 + Level 5.3 Spellcasting
 - Level 1.3 Transmutations
 * Level 5.7 Earth Magic


You had 4 spell levels left.
You knew the following spells:

 Your Spells              Type           Power        Failure   Level  Hunger
a - Sandblast             Erth           ####..       1%          1    None
b - Passwall              Tmut/Erth      ###.......   4%          2    #......
d - Lee's Rapid Deconstr  Erth           ####......   34%         5    ######.
e - Petrify               Tmut/Erth      ###.....     30%         4    ####...


Dungeon Overview and Level Annotations

Branches:
Dungeon (5/15)
 Temple: D:4-7

Altars:

Shops:
D:4 (


Innate Abilities, Weirdness & Mutations

You are very small and have problems with some larger weapons.
You are too small for most types of armour.
You have supernaturally acute eyesight. (SInv)
You are a herbivore.
You cover ground extremely quickly.
You need to consume almost no food.


Message History

It was a scroll of random uselessness {!r}.
The gnoll zombie completely misses you. The elf zombie hits you.
Really read
k - a scroll labeled JIEHAO AXIGINAC {!r}?
As you read the scroll labeled JIEHAO AXIGINAC {!r}, it crumbles to dust.
It is a scroll of enchant armour.
Your +0 robe glows green for a moment.
The gnoll zombie barely misses you. The gnoll zombie closely misses you. x2
Really read
g - a scroll labeled LANAEST VUOQYACS {!r}?
As you read the scroll labeled LANAEST VUOQYACS {!r}, it crumbles to dust.
You feel blessed for a moment.
It was a scroll of remove curse {!r}.
The elf zombie hits you but does no damage.
The gnoll zombie completely misses you. The gnoll zombie closely misses you.
Really read
e - a scroll labeled ZUMAMEITRY {!r}?
As you read the scroll labeled ZUMAMEITRY {!r}, it crumbles to dust.
The creatures around you are filled with an inner flame!
It was a scroll of immolation {!r}.
The gnoll zombie closely misses you. The elf zombie hits you.
The gnoll zombie closely misses you. x2
Really read
f - 2 scrolls labeled AXKAC SULY {!r}?
As you read the scroll labeled AXKAC SULY {!r}, it crumbles to dust.
It is a scroll of enchant weapon.
Your runed dagger glows red for a moment.
The gnoll zombie closely misses you. The elf zombie misses you.
The gnoll zombie misses you. The gnoll zombie completely misses you.
Okay, then.
Wield which item (- for none, * to show all)? (? for menu, Esc to quit)
You sense an unholy aura.
j - a +1 dagger of draining (weapon)
Casting: Sandblast (safe; 1% risk of failure)
Confirm with . or Enter, or press ? or * to list all spells.
Aiming: Sandblast (safe; 1% risk of failure)
Press: ? - help, Shift-Dir - straight line, f - gnoll zombie, p - hobgoblin zombie
Aim: a gnoll zombie (inner flame)
The blast of sand hits the gnoll zombie.
The gnoll zombie is almost destroyed.
b - 64 stones The gnoll zombie closely misses you.
The elf zombie hits you.
* * * LOW HITPOINT WARNING * * *
The gnoll zombie closely misses you. The gnoll zombie misses you.
Unknown command.
You barely miss the gnoll zombie.
The gnoll zombie is almost destroyed.
The gnoll zombie completely misses you. The elf zombie completely misses you.
Unknown command.
You completely miss the gnoll zombie.
The gnoll zombie is almost destroyed.
The gnoll zombie barely misses you. The gnoll zombie misses you.
The gnoll zombie hits you.
* * * LOW HITPOINT WARNING * * *
Okay, then.
Really quaff
i - a fuming red potion {!q}?
It was a potion of curing {!q}.
You feel better. The elf zombie hits you.
* * * LOW HITPOINT WARNING * * *
The gnoll zombie completely misses you. The gnoll zombie hits you.
* * * LOW HITPOINT WARNING * * *
Really quaff
h - 2 brown potions {!q}?
It was a potion of haste {!q}.
You feel yourself speed up. The gnoll zombie misses you.
The elf zombie hits you.
* * * LOW HITPOINT WARNING * * *
The gnoll zombie misses you. The gnoll zombie completely misses you.
You hit the gnoll zombie.
The gnoll zombie explodes!
The fiery explosion engulfs you!
Ouch! That really hurt!
You die...

#...........#
##.........##
#.....Z.....#
#####.ZZ#####
##.## #.#
##§## ##§Z.##
#@ZZ$.#
#ZZ$$.#
#$$$$.#
##$$$## #####


You could see a hobgoblin zombie (inner flame), 3 gnoll zombies and an elf
zombie (inner flame).

Vanquished Creatures
  A yak (D:4)
  2 ogres (D:4)
  3 scorpions (D:4)
  A howler monkey (D:4)
  A centaur zombie (Ossuary)
  An orc wizard (D:4)
  An iguana (D:4)
  A worker ant (D:4)
  A mummy (Ossuary)
  4 adders
  An adder skeleton (D:4)
  A dart slug (D:1)
  A leopard gecko (D:4)
  3 orcs
  A ball python (D:4)
  2 bats (D:1)
  2 frilled lizards
  A gnoll zombie (Ossuary)
  3 goblin zombies (Ossuary)
  An orc zombie (Ossuary)
32 creatures vanquished.

Notes
Turn   | Place    | Note
-------+----------+-------------------------------------------
     0 | D:1      | Amnesiac the Spriggan Earth Elementalist began the quest for the Orb.
     0 | D:1      | Reached XP level 1. HP: 9/9 MP: 5/5
    63 | D:1      | Reached skill level 1 in Short Blades
   222 | D:4      | Noticed a scorpion
   304 | D:4      | Noticed an orc wizard
   341 | D:4      | Reached XP level 2. HP: 13/13 MP: 4/6
   345 | D:4      | Learned a level 2 spell: Passwall
   431 | D:4      | Noticed a yak
   439 | D:4      | Noticed a yak
   439 | D:4      | Noticed a yak
   615 | D:4      | Noticed a scorpion
   623 | D:4      | Killed a scorpion
   623 | D:4      | Reached XP level 3. HP: 16/16 MP: 3/8
   645 | D:4      | Noticed an ogre
   707 | D:4      | Killed an ogre
   707 | D:4      | Reached XP level 4. HP: 21/21 MP: 5/10
   707 | D:4      | Reached XP level 5. HP: 24/24 MP: 5/11
   759 | D:4      | Found Jeckoko's Antique Weapon Shop.
   803 | D:4      | Killed a yak
   803 | D:4      | Reached XP level 6. HP: 28/28 MP: 2/13
   830 | D:4      | Learned a level 4 spell: Petrify
   920 | D:4      | Reached skill level 5 in Earth Magic
  1172 | D:4      | Reached skill level 5 in Spellcasting
  1172 | D:4      | Reached XP level 7. HP: 32/32 MP: 1/15
  1241 | D:5      | Entered Level 5 of the Dungeon
  1491 | D:5      | Found a sand-covered staircase.
  1496 | Ossuary  | Entered an ossuary
  1515 | Ossuary  | Learned a level 5 spell: Lee's Rapid Deconstruction
  1597 | Ossuary  | Killed from afar by a gnoll zombie

Vault maps used:
D:1:      nzn_arrival_depleted_hourglass
D:2:      okawaru_trees_1, nicolae_overflow_hidden_temple, minivault_19,
          tgw_xom, uniq_robin
D:3:      evilmike_ruin_ashenzari
D:4:      serial_shops, shop, hangedman_minor_gate_pass
D:5:      lemuel_round_altar, first_ration, enter_ossuary_5,
          kennysheep_another_room, hangedman_decor_growths, uniq_menkaure
Ossuary:  minmay_ossuary_gauntlet

Skill      XL: |  1  2  3  4  5  6  7 |
---------------+----------------------+-----
Short Blades   | 2 3 4 |  4.1
Spellcasting   | 3 4 5 |  5.3
Earth Magic    | 3 4 5 |  5.7
Stealth        | 4 |  4.1
Dodging        | |  3.0
Transmutations | |  1.3

Action                   |  1- 3 |  4- 6 |  7- 9 || total
-------------------------+-------+-------+-------++-------
Melee: Dagger            |    12 |     2 |     5 ||    19
 Cast: Sandblast         |    13 |    33 |    28 ||    74
       Passwall          |     4 |       |       ||     4
       Lee's Rapid Decon |       |       |     1 ||     1
  Use: Scroll            |       |       |     6 ||     6
       Potion            |       |       |     2 ||     2
 Stab: Sleeping          |     7 |     2 |       ||     9
Armor: Robe              |     2 |       |     2 ||     4
Dodge: Dodged            |    14 |     5 |    48 ||    67

Table legend:
 A = Spawn XP
 B = Non-spawn XP
 C = Spawn XP percentage of total XP
 D = Spawn monster count
 E = Non-spawn monster count
 F = Spawn count percentage of total count
 G = Total turns spent on level
                    A         B        C        D         E        F      G
               +---------+---------+-------+---------+---------+-------+---------
         Total |       0 |     966 |   0.0 |       0 |      32 |   0.0 |  1597
               +---------+---------+-------+---------+---------+-------+---------
           D:1 |       0 |       8 |   0.0 |       0 |       4 |   0.0 |   144
           D:3 |       0 |       3 |   0.0 |       0 |       1 |   0.0 |    17
           D:4 |       0 |     873 |   0.0 |       0 |      19 |   0.0 |  1228
           D:5 |       0 |      13 |   0.0 |       0 |       1 |   0.0 |    44
       Ossuary |       0 |      69 |   0.0 |       0 |       7 |   0.0 |   101
               +---------+---------+-------+---------+---------+-------+---------
